 Dungeon Crawl Stone Soup version 0.29.0-13-gc9e81de378 (webtiles) character file.

Game seed: 16394418180089114909

4 sentinel the Digger (level 1, 12/14 HPs)
             Began as a Meteoran Earth Elementalist on Sept 9, 2022.
             Quit the game on level 2 of the Dungeon.
             The game lasted 00:00:22 (141 turns).

sentinel the Digger (Meteoran Earth Elementalist)    Turns: 141, Time: 00:00:22

Health: 12/14      AC:  2    Str:  9    XL:     1   Next: 85%
Magic:  4/5        EV: 12    Int: 16    God:
Gold:   0          SH:  0    Dex: 14    Spells: 4/5 levels left

rFire   . . .      SeeInvis .   (no weapon)
rCold   . . .      Faith    .   (no shield)
rNeg    . . .      Spirit   .   a - +0 robe
rPois   .          Reflect  .   (no helmet)
rElec   .          Harm     .   (no cloak)
rCorr   .          Rampage  .   (no gloves)
Will    .....                   (no boots)
Stlth   +.........              (no amulet)
HPRegen 0.04/turn               (no ring)
MPRegen 0.09/turn               (no ring)

@: glowing
A: sense surroundings 1, otherworldly, glowing, explore regen
a: no special abilities


You were on level 2 of the Dungeon.
You visited 1 branch of the dungeon, and saw 2 of its levels.

Inventory:

Armour
 a - a +0 robe (worn)
Potions
 b - a potion of magic


   Skills:
 - Level 2.4 Dodging
 - Level 1.4 Stealth
 - Level 2.6 Spellcasting
 - Level 1.2 Transmutations
 + Level 4.0 Earth Magic


You had 4 spell levels left.
You knew the following spells:

 Your Spells              Type           Power      Damage    Failure   Level
a - Sandblast             Erth           30%        2d9       3%          1

Your spell library contained the following spells:

 Spells                   Type           Power      Damage    Failure   Level
 Passwall                 Tmut/Erth      8%         N/A       10%         2
 Stone Arrow              Conj/Erth      16%        3d8       26%         3
 Petrify                  Tmut/Erth      10%        N/A       54%         4


Dungeon Overview and Level Annotations

Branches:
Dungeon (2/15) Zot: 1022

Altars:

Shops:
D:2 =


Innate Abilities, Weirdness & Mutations

You passively map a small area around you.
You are easily found by Zot.
You glow in the dark.
You regain HP and MP as you explore.


Message History

Welcome, sentinel the Meteoran Earth Elementalist.
The heart of this dungeon contains the sublime artefact, the Orb of Zot.
Press ? for a list of commands and other information.
Found a staircase leading out of the dungeon.
You enter the shallow water.
Moving in this stuff is going to be slow.
Found 7 stones.
Found a stone staircase leading down.
A frilled lizard comes into view.
The frilled lizard hisses angrily.
There is a stone staircase leading down here.
You can't see any susceptible monsters within range! (Use Z to cast anyway.)
You climb downwards.
There is a stone staircase leading up here.
But you're not safe!
The blast of sand hits the hobgoblin!
You kill the hobgoblin!
You can't see any susceptible monsters within range! (Use Z to cast anyway.)
Found Boamog's Jewellery Emporium.
Found an escape hatch in the ceiling.
Found a stone staircase leading up.
There is a stone staircase leading up here.
You climb upwards.
Found a short sword.
There is a stone staircase leading down here.
You climb downwards.
There is a stone staircase leading up here.
There is an escape hatch in the ceiling here.
There is an entrance to Boamog's Jewellery Emporium here.
There is an escape hatch in the ceiling here.
A dart slug comes into view.
The blast of sand hits the dart slug!
The dart slug is almost dead.
The dart slug launches a dart at you. The slug dart misses you.
The blast of sand hits the dart slug!
You kill the dart slug!
Your Earth Magic skill increases to level 4!
You can't see any susceptible monsters within range! (Use Z to cast anyway.)
A quokka comes into view.
The quokka barely misses you.
You closely miss the quokka. The quokka bites you.
Are you sure you want to abandon this character and quit the game? (Confirm with "yes".)

#.# ** #.#
#.# ** * #.#
#.# * ##, ,
#.# ,, .#
#.#######.#,
#.......#r#
, *
#####...@.#
* * *#######
* ,, , , ,
** *


You could see a quokka.

Vanquished Creatures
  A dart slug (D:2)
  A hobgoblin (D:2)
2 creatures vanquished.

Notes
Turn   | Place    | Note
-------+----------+-------------------------------------------
     0 | D:1      | sentinel the Meteoran Earth Elementalist began the quest
                  | for the Orb.
     0 | D:1      | Reached XP level 1. HP: 14/14 MP: 5/5
    74 | D:2      | Found Boamog's Jewellery Emporium.
   126 | D:2      | Reached skill level 4 in Earth Magic
   141 | D:2      | Quit the game

Illustrated notes

Levels and vault maps discovered:
D:1:      nagdon_arrival_double_spiral, layout_basic
D:2:      layout_basic, serial_shops, nicolae_shop_statue_plus, uniq_terence

Skill      XL: |  1 |
---------------+----+-----
Earth Magic    | 4 |  4.0
Dodging        | |  2.4
Stealth        | |  1.4
Spellcasting   | |  2.6
Transmutations | |  1.2

Action                   || total
-------------------------++-------
Melee: Unarmed           ||     1
 Cast: Sandblast         ||     3
Dodge: Dodged            ||     2
